Map: Acropolis LE

Players

BagelByte

  • Race: Protoss Protoss
  • League: Platinum
  • Spawn Location: 5:00

DarwinAwdWnr - Winner!

  • Race: Zerg Zerg
  • League: Gold
  • Spawn Location: 11:00

VOD

Have the link to the VOD?

Description

Time

  • Played on: June 2, 2019, 10:15 p.m.
  • Length: 4:31
Show
View Real Time Build Order
Export as new Build Order

BagelByte Protoss 

Build Orders: 1 Gate Expand, Oracle Opening 

Get SALT Encoding   

  12  0:01  Probe  
  13  0:13  Probe  
  14  0:21  Pylon  
  14  0:25  Probe  
  15  0:36  Probe  
  16  0:43  Gateway  
  16  0:44  Probe  
  16  0:47  Assimilator  
  17  0:53  Probe  
  18  1:05  Probe  
  19  1:17  Probe  
  20  1:29  Probe  
  21  1:36  Nexus  
  21  1:41  Cybernetics Core  
  21  1:45  Probe  
  21  1:48  Assimilator  
  21  1:53  Probe  
  22  2:00  Pylon  
  23  2:18  Probe  
  23  2:20  Warp Gate  
  23  2:21  Adept  
  26  2:31  Stargate  
  26  2:40  Gateway  
  26  2:43  Probe  
  27  2:56  Probe  
  27  2:59  Probe  
  27  3:00  Adept  
  30  3:08  Probe  
  30  3:11  Probe  
  30  3:12  Gateway  
  32  3:20  Probe  
  32  3:23  Probe  
  34  3:29  Oracle  
  32  3:35  Pylon  
  35  3:47  Gateway  
  35  3:48  Gateway  
  35  3:55  Shield Battery  
  35  4:06  Phoenix  
  34  4:21  Zealot x3  
Show
View Real Time Build Order
Export as new Build Order

DarwinAwdWnr Zerg - Winner!

Build Orders: Hatch First 

Get SALT Encoding   

  12  0:03  Drone  
  13  0:10  Drone  
  14  0:17  Overlord  
  14  0:36  Drone x3  
  17  0:53  Hatchery  
  16  0:57  Drone  
  16  1:01  Extractor  
  16  1:05  Drone  
  17  1:18  Spawning Pool  
  16  1:45  Drone x2  
  18  1:47  Drone  
  19  2:07  Lair  
  19  2:11  Extractor  
  19  2:13  Drone x3  
  19  2:14  Queen  
  23  2:16  Zergling x2  
  24  2:31  Drone x3  
  27  2:40  Drone  
  27  2:42  Overlord  
  28  3:06  Zergling x2  
  28  3:07  Zergling x6, Queen  
  28  3:08  Nydus Network  
  28  3:10  Overlord  
  32  3:40  Zergling x2  
  36  3:41  Zergling x8  
  36  3:47  Nydus Canal  
  37  3:52  Queen  
  39  3:59  Zergling x8  
  39  4:02  Overlord  
  43  4:06  Zergling x2  
  44  4:12  Zergling x2  
Tags
 
Add a new tag
Caveats
  • Supply blocks, unpowered buildings, or Contaminate may cause inaccurate times.
  • Supply counts are checked every 10 seconds.